 Dungeon Crawl Stone Soup version 0.30.1-4-g462c640d31 (webtiles) character file.

Game seed: 16279322713563382571

728655 monsoonserge the Conqueror (level 27, -5/269 (273) HPs)
             Began as a Hill Orc Fighter on Aug 24, 2023.
             Was the Champion of Zin.
             Killed from afar by a Brimstone Fiend (35 damage)
             ... with damnation
             ... on level 12 of a ziggurat on Aug 26, 2023.
             The game lasted 06:59:28 (89237 turns).

monsoonserge the Conqueror (Hill Orc Fighter)      Turns: 89237, Time: 06:59:29

HP:   -5/269 (273)  AC: 36    Str: 55    XL:     27
MP:   9/39          EV: 24    Int: 14    God:    Zin [******]
Gold: 7638          SH: 32    Dex: 21    Spells: 21/38 levels left

rFire   + + .        C - +1 broad axe of Conformity {protect, MP-9 Str+8 Dex+3}
rCold   + + +        c - +0 tower shield {AC+3}
rNeg    + + .        O - +2 pearl dragon scales
rPois   ∞            W - +0 hat of Precision Catastrophes {rF- rCorr Str+3 Slay+4}
rElec   +            N - scarf "Rotraiv" {rC+ rF+, Rampage rElec rPois Int-2}
rCorr   +            p - +1 pair of gloves {hurl}
SInv    .            w - +0 pair of boots {rampage}
Will    +++++        M - amulet of the Hero {Reflect rF+ rC+ SH+5}
Stlth   +++          F - ring "Notirch" {rPois rF+ rC+ rCorr}
HPRegen 0.64/turn    i - ring of Weiteugu {rN+ Will+++ MP+9 Str+3}
MPRegen 0.26/turn

%: reflection, rampage
@: vitalised, weakened, under a protective aura, on recite cooldown, on blink
cooldown, hasted, studying 3 skills, lightly drained, very quick
A: no striking features
}: 5/15 runes: decaying, serpentine, slimy, silver, abyssal
a: Renounce Religion, Recite, Vitalisation, Imprison, Sanctuary, Donate Gold


You were on level 12 of a ziggurat.
You worshipped Zin.
Zin was exalted by your worship.
You visited 14 branches of the dungeon, and saw 58 of its levels.
You visited the Abyss 1 time.
You visited 1 ziggurat, and saw 12 of its levels.
You also visited: Sewer, Volcano and Wizlab.

You collected 10835 gold pieces.
You spent 2826 gold pieces at shops.
You donated 371 gold pieces to Zin.

Inventory:

Hand Weapons
 q - the +3 greatsling "Punk" {acid, rCorr}
   (You found it on level 5 of a ziggurat)

   rCorr:     It protects you from acid and corrosion.
 y - the +5 mace "Waonucvegur" {freeze, *Rage Str+6}
   (You found it on level 7 of the Dungeon)

   Str:       It affects your strength (+6).
   *Rage:     It berserks you when you make melee attacks (+20% chance).
 C - the +1 broad axe of Conformity (weapon) {protect, MP-9 Str+8 Dex+3}
   (You found it on level 5 of the Pits of Slime)

   Str:       It affects your strength (+8).
   Dex:       It affects your dexterity (+3).
   MP:        It affects your magic capacity (-9).
Missiles
 b - 22 boomerangs (quivered)
 g - 24 javelins
 h - a silver javelin
 J - 6 boomerangs of dispersal
 S - 17 atropa-tipped darts
Armour
 c - a +0 tower shield of protection (worn)
 p - a +1 pair of gloves of hurling (worn)
 w - a +0 pair of boots of rampaging (worn)
 N - the scarf "Rotraiv" (worn) {rC+ rF+, Rampage rElec rPois Int-2}
   (You acquired it on level 3 of the Elven Halls)

   Int:       It affects your intelligence (-2).
   rElec:     It insulates you from electricity.
   rPois:     It protects you from poison.
   Rampage:   It bestows one free step when moving towards enemies.
 O - +2 pearl dragon scales (worn)
 W - the +0 hat of Precision Catastrophes (worn) {rF- rCorr Str+3 Slay+4}
   (You found it on level 2 of the Lair of Beasts)

   Str:       It affects your strength (+3).
   Slay:      It affects your accuracy & damage with ranged weapons and melee
   (+4).
   rF:        It makes you vulnerable to fire.
   rCorr:     It protects you from acid and corrosion.
Jewellery
 i - the ring of Weiteugu (right hand) {rN+ Will+++ MP+9 Str+3}
   (You bought it in a shop on level 2 of the Orcish Mines)

   [ring of magical power]

   Str:       It affects your strength (+3).
   rN:        It protects you from negative energy.
   MP:        It affects your magic capacity (+9).
   Will:      It greatly increases your willpower.
 z - a ring of the Octopus King {rF+ HP+2 AC+2 EV+2 SH+2}
   (You found it on level 6 of a ziggurat)

   [ring of protection from fire]

   AC:        It affects your AC (+2).
   EV:        It affects your evasion (+2).
   rF:        It protects you from fire.
   HP:        It affects your health (+2).
   SH:        It affects your SH (+2).
 B - the ring "Dinotest" {rPois rF++ MP+9}
   (You found it on level 10 of a ziggurat)

   [ring of poison resistance]

   rF:        It greatly protects you from fire.
   rPois:     It protects you from poison.
   MP:        It affects your magic capacity (+9).
 F - the ring "Notirch" (left hand) {rPois rF+ rC+ rCorr}
   (You took it off a yaktaur captain on level 2 of the Vaults)

   [ring of protection from fire]

   rF:        It protects you from fire.
   rC:        It protects you from cold.
   rPois:     It protects you from poison.
   rCorr:     It protects you from acid and corrosion.
 M - the amulet of the Hero (around neck) {Reflect rF+ rC+ SH+5}
   (You bought it in a shop on level 2 of the Orcish Mines)

   [amulet of reflection]

   It reflects blocked missile attacks.
   rF:        It protects you from fire.
   rC:        It protects you from cold.
   SH:        It affects your SH (+5).
 U - the ring of Shadows {Umbra +Inv Stlth+}
   (You found it on level 9 of a ziggurat)

   [ring of stealth]

   Umbra:     It surrounds you with an aura of shadow, increasing your stealth
   and reducing the accuracy of all others within it.
   +Inv:      It lets you turn invisible.
   Stlth:     It makes you more stealthy.
Wands
 f - a wand of digging (25)
 t - a wand of flame (17)
 D - a wand of roots (61)
 I - a wand of quicksilver (42)
 L - a wand of charming (53)
Scrolls
 a - 2 scrolls of fog
 j - 7 scrolls of magic mapping
 n - 8 scrolls of blinking
 u - 30 scrolls of teleportation
 x - 2 scrolls of brand weapon
 A - 3 scrolls of enchant armour
 K - 6 scrolls of silence
 Q - 9 scrolls of poison
 R - 17 scrolls of immolation
 V - 4 scrolls of fear
 Y - 2 scrolls of summoning
Potions
 d - 8 potions of haste
 e - a potion of magic
 l - 4 potions of might
 m - 2 potions of berserk rage
 o - 2 potions of cancellation
 s - 24 potions of curing
 v - 7 potions of heal wounds
 H - 7 potions of invisibility
 T - 8 potions of attraction
 X - 7 potions of ambrosia
 Z - 3 potions of resistance
Miscellaneous
 k - a lightning rod (4/4)
 r - a phial of floods
 E - a phantom mirror
 G - a tin of tremorstones (2/2)


   Skills:
 O Level 27 Fighting
 - Level 20.4(23.5) Axes
 - Level 17.1(20.0) Maces & Flails
 + Level 8.0 Throwing
 + Level 21.7 Armour
 + Level 17.3 Dodging
 - Level 11.0 Stealth
 O Level 27 Shields
 - Level 6.0 Spellcasting
 - Level 12.0 Hexes
 - Level 10.0 Translocations
 + Level 25.9 Invocations
 + Level 13.0 Evocations


You had 21 spell levels left.
You knew the following spells:

 Your Spells              Type           Power      Damage    Failure   Level
a - Apportation           Tloc           64%        N/A       1%          1
b - Blink                 Tloc           64%        N/A       1%          2
c - Lesser Beckoning      Tloc           64%        N/A       1%          2
d - Manifold Assault      Tloc           32%        N/A       3%          4
e - Passage of Golubria   Tloc           32%        N/A       3%          4
f - Cause Fear            Hex            18%        N/A       1%          4

Your spell library contained the following spells:

 Spells                   Type           Power      Damage    Failure   Level
 Gell's Gravitas          Tloc           32%        N/A       1%          3
 Portal Projectile        Hex/Tloc       70%        N/A       1%          3
 Teleport Other           Tloc           32%        N/A       1%          3
 Tukima's Dance           Hex            37%        N/A       1%          3
 Ensorcelled Hibernation  Hex/Ice        42%        N/A       2%          2
 Momentum Strike          Conj/Tloc      36%        3d9       4%          2
 Dazzling Flash           Conj/Hex       42%        N/A       5%          3
 Inner Flame              Hex/Fire       21%        N/A       5%          3
 Summon Guardian Golem    Hex/Summ       21%        N/A       5%          3
 Vhi's Electric Charge    Tloc/Air       36%        N/A       8%          3
 Volatile Blastmotes      Fire/Tloc      36%        2d13      8%          3
 Anguish                  Hex/Necr       10%        N/A       17%         4
 Leda's Liquefaction      Hex/Erth       10%        N/A       17%         4
 Magic Dart               Conj           16%        1d3       21%         1
 Necrotise                Necr           16%        1d4       21%         1
 Sandblast                Erth           8%         2d5       21%         1
 Sting                    Tmut/Pois      16%        1d3       21%         1
 Summon Small Mammal      Summ           16%        N/A       21%         1
 Iskenderun's Mystic Bla  Conj/Tloc      18%        2d6       26%         4
 Call Imp                 Summ           8%         N/A       30%         2
 Cigotuvi's Dreadful Rot  Necr/Pois/Air  8%         N/A       30%         2
 Passwall                 Tmut/Erth      3%         N/A       30%         2
 Poisonous Vapours        Pois/Air       8%         N/A       30%         2
 Scorch                   Fire           8%         2d5       30%         2
 Static Discharge         Conj/Air       8%         2-3/arc   30%         2
 Metabolic Englaciation   Hex/Ice        10%        N/A       43%         5
 Silence                  Hex/Air        10%        N/A       43%         5
 Summon Mana Viper        Hex/Summ       21%        N/A       43%         5
 Yara's Violent Unravell  Hex/Tmut       10%        3d6       43%         5
 Dispersal                Tloc           16%        N/A       45%         6
 Call Canine Familiar     Summ           4%         N/A       52%         3
 Frozen Ramparts          Ice            8%         1d2       52%         3
 Hailstorm                Conj/Ice       4%         3d4       52%         3
 Ignite Poison            Fire/Tmut/Pois 4%         N/A       52%         3
 Mephitic Cloud           Conj/Pois/Air  4%         N/A       52%         3
 Ozocubu's Armour         Ice            4%         N/A       52%         3
 Spider Form              Tmut/Pois      4%         N/A       52%         3
 Stone Arrow              Conj/Erth      8%         3d7       52%         3
 Swiftness                Air            4%         N/A       52%         3
 Vampiric Draining        Necr           4%         2d6       52%         3
 Summon Forest            Summ/Tloc      9%         N/A       58%         5
 Enfeeble                 Hex            18%        N/A       77%         7
 Airstrike                Air            2%         2d(1-17)  90%         4
 Animate Dead             Necr           4%         N/A       90%         4
 Flame Wave               Conj/Fire      4%         2d5       90%         4
 Ice Form                 Ice/Tmut       4%         N/A       90%         4
 Olgreb's Toxic Radiance  Pois           4%         N/A       90%         4
 Petrify                  Tmut/Erth      4%         N/A       90%         4
 Sticky Flame             Conj/Fire      4%         2d3       90%         4
 Summon Ice Beast         Ice/Summ       4%         N/A       90%         4
 Summon Lightning Spire   Summ/Air       4%         N/A       90%         4
 Agony                    Necr           4%         N/A       99%         5
 Alistair's Intoxication  Tmut/Pois      2%         N/A       99%         5
 Arcjolt                  Conj/Air       2%         1d12      99%         5
 Blade Hands              Tmut           2%         N/A       99%         5
 Freezing Cloud           Conj/Ice/Air   2%         6-21      99%         5
 Iskenderun's Battlesphe  Conj           4%         2d6       99%         5
 Lee's Rapid Deconstruct  Erth           2%         3d4*      99%         5
 Eringya's Noxious Bog    Tmut/Pois      2%         N/A       100%        6
 Iron Shot                Conj/Erth      2%         9d2       100%        6
 Plasma Beam              Fire/Air       2%         2x1d13    100%        6
 Simulacrum               Ice/Necr       2%         N/A       100%        6
 Starburst                Conj/Fire      2%         6d3       100%        6
 Statue Form              Tmut/Erth      2%         N/A       100%        6
 Dragon Form              Tmut           2%         N/A       100%        7
 Haunt                    Necr/Summ      2%         N/A       100%        7
 Malign Gateway           Summ/Tloc      9%         N/A       100%        7
 Monstrous Menagerie      Summ           2%         N/A       100%        7
 Orb of Destruction       Conj           2%         9d5       100%        7
 Spellforged Servitor     Conj/Summ      2%         N/A       100%        7
 Storm Form               Tmut/Air       2%         N/A       100%        7
 Summon Hydra             Summ           2%         N/A       100%        7
 Borgnjor's Revivificati  Necr           2%         N/A       100%        8
 Discord                  Hex            18%        N/A       100%        8
 Disjunction              Tloc           16%        N/A       100%        8
 Ignition                 Fire           2%         3d3       100%        8
 Infestation              Necr           2%         N/A       100%        8
 Maxwell's Capacitive Co  Air            2%         ∞         100%        8
 Necromutation            Tmut/Necr      2%         N/A       100%        8
 Summon Horrible Things   Summ           2%         N/A       100%        8
 Death's Door             Necr           2%         N/A       100%        9
 Dragon's Call            Summ           2%         N/A       100%        9


Dungeon Overview and Level Annotations

Branches:
Dungeon (15/15)            Temple (1/1) D:7            Lair (5/5) D:10
  Swamp (4/4) Lair:2        Snake (4/4) Lair:2        Slime (5/5) Lair:5
    Orc (2/2) D:11            Elf (3/3) Orc:2        Vaults (5/5) D:14
  Crypt (3/3) Vaults:2       Tomb (1/3) Crypt:3      Depths (4/4) D:15
   Hell (visited)             Dis (0/7) Hell            Geh (0/7) Hell
    Coc (0/7) Hell            Tar (0/7) Hell            Zot (5/5) Depths:4
  Sewer (visited)         Volcano (visited)          WizLab (visited)

Altars:
Ashenzari
Cheibriados
Kikubaaqudgha
Makhleb
Nemelex Xobeh
Okawaru
Qazlal
Sif Muna
Trog
Uskayaw
Vehumet
Yredelemnul
Zin
The Shining One
Beogh
Jiyva
Lugonu

Shops:
D:4 =   D:6 (   D:11 !   Orc:2 [!?=*   Snake:2 :   Vaults:2 (?(   Vaults:5 =[
Depths:1 *   Depths:2 :==   Depths:3 =

Portals:
Hell: Depths:1 Depths:2 Depths:3 Depths:4
Abyss: Lair:5 Depths:3 Depths:4
Pandemonium: Depths:2 Depths:3


Message History

Here: a demonspawn corrupter, wielding a +0 demon trident, wearing a +0 scale mail and wearing a +0 kite shield (severely wounded, fast, absorbing vital energies, softly glowing)
The floor.
You hit Qioteaco but do no damage.
Qioteaco is severely wounded.
You feel stable enough to blink again.
The demonspawn corrupter is seared!
You block the reaper's attack. Qioteaco hits you but does no damage.
Unknown command.
Casting: Manifold Assault (mildly dangerous; 3% risk of failure)
Confirm with . or Enter, or press ? or * to list all spells.
You blink.
A starspawn tentacle comes into view.
A starcursed mass splits.
A chorus of shrieks assaults your mind.
* * * LOW HITPOINT WARNING * * *
You block the starspawn tentacle's attack.
The demonspawn corrupter barely misses you.
Unknown command.
Press: ? - help, v - describe, . - travel
Here: a demonspawn corrupter, wielding a +0 demon trident, wearing a +0 scale mail and wearing a +0 kite shield (severely wounded, fast, absorbing vital energies, softly glowing)
The floor.
Okay, then.
Aiming: Quicksilver Bolt
Press: ? - help, Shift-Dir - straight line, f - starcursed mass
Aim: a starcursed mass (summoned, 100% to hit)
The bolt of dispelling energy hits the demonspawn corrupter!!!
You kill the demonspawn corrupter!
Zin accepts your kill.
The starcursed mass disappears in a puff of smoke!
The starspawn's tentacles wither and die.
The tentacled starspawn disappears in a puff of smoke!
The starspawn's tentacles wither and die.
The tentacled starspawn disappears in a puff of smoke!
The moth of wrath disappears in a puff of smoke!
The golden dragon disappears in a puff of smoke!
The moth of wrath disappears in a puff of smoke!
The starcursed mass disappears in a puff of smoke!
The Brimstone Fiend gestures at you.
The sphere of damnation explodes!
The damnation engulfs you!!
You die...

▓▓▓▓▓▓.▓▓▓▓▓▓
▓▓▓...........▓▓▓
▓▓...............▓
▓▓.................▓▓
▓▓...................▓▓
▓..........21.........▓
▓.........1.&.........▓▓
▓..§....)...1...........▓
▓$)?§........@..........▓
▓)∩:§...)....§..........▓▓
▓.?>/[......§).........∩..▓
▓▓:∩[|.6.................▓▓
▓.......§.§§.§..........▓
........§.............▓
.....2...............▓▓
.....................▓
▓...................▓▓


You could see Qioteaco (black mark, resistant), 2 Hell Sentinels, a Brimstone
Fiend (fast, black mark, corona), a demonspawn corrupter (strong, black mark,
weak), a reaper (fast, black mark, corona) and a hellion (strong, black mark).

Vanquished Creatures
  the Royal Jelly (Slime:5)
  5 dread liches
  2 ancient liches (Vaults:5)
  3 orbs of fire
  Mara (Swamp:4)
  2 juggernauts
  Boris (thrice) (Crypt:1 Crypt:3 Vaults:5)
  Josephina (Crypt:3)
  The ghost of Ulecsuczon the Impregnable, a veteran MiGl of Hepliaklqana (Crypt:2)
  Vv (Depths:2)
  Frederick (Crypt:1)
  A Head Instructor (WizLab)
  Vashnia (Snake:3)
  the Lernaean hydra (Swamp:4)
  Margery (Crypt:1)
  Bai Suzhen (Elf:3)
  4 caustic shrikes
  2 Killer Klowns
  Geryon (Hell)
  2 curse toes
  Xtahua (Crypt:1)
  A profane servitor (Crypt:3)
  15 golden dragons
  Nikola (Elf:3)
  3 bone dragons
  2 pandemonium lords
  A Tzitzimitl (Zig:6)
  A doom hound (Zig:6)
  An electric golem (Zot:1)
  2 iron giants
  A Brimstone Fiend (Zig:7)
  A Hell Sentinel (Zig:9)
  9 liches
  11 tentacled monstrosities
  11 Orb Guardians
  3 deep elf blademasters
  2 walking earthen tomes
  A tainted leviathan (Zig:6)
  3 titans (Vaults:5)
  13 quicksilver dragons
  20 acid blobs
  6 deep elf master archers
  15 sphinxes
  17 ancient champions
  2 Executioners
  12 death cobs
  10 tentacled starspawn
  The ghost of turdburglar the Black Belt, an adept DsFi of Makhleb (Swamp:4)
  15 storm dragons
  11 tengu reavers
  Roxanne (Swamp:4)
  18 shadow dragons
  5 draconian monks
  5 nagarajas
  5 revenants
  12 rockslimes
  5 iron dragons
  10 azure jellies
  7 draconian knights
  15 fire giants
  9 frost giants
  2 demonspawn warmongers (Zig:7)
  21 vault wardens
  5 deep elf sorcerers
  8 draconian scorchers
  4 balrugs
  3 ghost moths
  9 ghouls
  5 draconian stormcallers
  8 deep elf elementalists
  2 draconian shifters
  5 cacodemons
  4 draconian annihilators
  3 demonspawn corrupters
  2 spriggan defenders
  3 orc warlords
  17 quicksilver oozes
  7 reapers
  A demonspawn blood saint (Zig:9)
  4 war gargoyles
  15 ironbound preservers
  6 ironbound thunderhulks
  5 green draconians
  27 very ugly things
  4 deep elf demonologists
  15 vampire knights
  24 stone giants
  2 juggernaut skeletons
  2 eleionomae
  9 deep elf annihilators
  2 demonspawn black suns
  4 yellow draconians
  10 purple draconians
  7 black draconians
  7 dire elephants
  4 white draconians
  5 lorocyprocas
  2 bunyips
  2 spark wasps (Depths:2)
  12 red draconians
  2 eidola
  5 blizzard demons
  10 ettins
  2 crystal guardians
  2 merfolk javelineers (Zig:4)
  7 deep elf death magi
  2 iron golems (Hell)
  3 mummy priests
  15 jiangshi
  The ghost of Taurus the Severer, a journeyman MiFi of the Shining One (Lair:1)
  3 entropy weavers
  12 great orbs of eyes
  4 spriggan zombies (Crypt:1)
  A great orb of eyes (shapeshifter) (Vaults:5)
  4 fire dragons
  10 deep elf high priests
  An entropy weaver (shapeshifter) (D:14)
  38 vault guards
  11 yaktaur captains
  3 salamander tyrants
  8 ice dragons
  3 peacekeepers
  6 hell beasts
  25 hydras
  A rakshasa (Depths:1)
  8 spriggan air magi
  2 spriggan skeletons (Crypt:1)
  7 ghost crabs
  12 ironbound frosthearts
  12 alligators
  28 centaur warriors
  11 anacondas
  18 two-headed ogres
  Erica (D:11)
  7 boulder beetles
  35 dancing weapons
  5 deep troll shamans
  6 ogre magi
  6 death yaks
  An Orb Guardian skeleton (Crypt:1)
  9 death scarabs (Tomb:1)
  8 vampire magi
  20 naga warriors
  10 hell hogs
  5 death knights
  Urug (Orc:2)
  The ghost of Logoto the Thaumaturge, a novice DrFE of Qazlal (D:8)
  2 deep troll earth magi
  9 thrashing horrors
  2 titan zombies (Crypt:1)
  9 spriggan berserkers
  A shock serpent (shapeshifter) (Depths:3)
  Sonja (Lair:3)
  5 shock serpents
  6 tengu warriors
  15 naga sharpshooters
  7 soul eaters
  A wretched star (Abyss:3)
  15 deep elf knights
  13 large abominations
  14 sun demons
  30 hell knights
  A titan skeleton (Crypt:3)
  A shadow wraith (Crypt:3)
  9 iron trolls
  4 skysharks
  2 anaconda zombies
  3 sixfirhies
  12 salamander mystics
  2 sea snakes
  A golden dragon zombie (Crypt:2)
  A shadow demon (Abyss:3)
  37 skeletal warriors
  2 glowing orange brains
  A glowing orange brain (shapeshifter) (Vaults:1)
  34 deep trolls
  A quicksilver dragon simulacrum (Depths:1)
  13 swamp dragons
  6 spriggan druids
  4 goliath frogs
  17 bog bodies
  10 naga ritualists
  7 flayed ghosts
  18 deep elf archers
  7 lindwurms
  10 wizards
  3 anaconda skeletons (Crypt:1)
  2 spriggan simulacra (Crypt:3)
  10 phantasmal warriors
  An obsidian statue (Depths:3)
  18 ironbound convokers
  22 deep elf zephyrmancers
  A bunyip skeleton (Crypt:1)
  6 orc knights
  A harpy (shapeshifter) (D:13)
  24 deep elf pyromancers
  4 harpies (Zig:4)
  4 oklob plants (D:12)
  16 necromancers
  A wolf spider (Lair:2)
  17 mana vipers
  2 worldbinders (Abyss:2)
  3 stone giant zombies
  36 salamanders
  A wolf spider zombie (D:15)
  15 orc sorcerers
  10 will-o-the-wisps
  11 manticores
  38 ugly things
  A human zombie (Vaults:1)
  56 black mambas
  11 cyclopes
  8 shining eyes
  18 vault sentinels
  A moth of wrath (shapeshifter) (Vaults:5)
  7 rust devils
  30 moths of wrath
  2 demonic crawlers (Hell)
  A naga zombie (Crypt:1)
  2 centaur zombies
  27 naga magi
  A titan simulacrum (Crypt:3)
  5 apocalypse crabs
  13 elephants
  8 guardian serpents
  A red draconian zombie (Crypt:2)
  19 smoke demons
  Joseph (D:8)
  3 hellions
  An eye of devastation (Slime:5)
  3 gargoyles
  2 orange demons
  8 cane toads
  A torpor snail (Lair:1)
  4 molten gargoyles
  A water nymph (shapeshifter) (Vaults:5)
  3 centaur skeletons
  An unseen horror (shapeshifter) (D:14)
  A kobold demonologist (D:14)
  31 yaktaurs
  A minotaur zombie (Crypt:3)
  2 rime drakes
  A rime drake (shapeshifter) (D:10)
  2 ice devils
  2 efreet
  13 komodo dragons
  An alligator snapping turtle skeleton (Crypt:1)
  A golden dragon simulacrum (Crypt:3)
  7 tengu conjurers
  A yellow draconian skeleton (Crypt:3)
  A tormentor (Depths:2)
  11 trolls
  A harpy zombie (Crypt:1)
  A green draconian skeleton (Crypt:3)
  7 ancient zymes
  A red devil (Depths:2)
  9 freezing wraiths
  A mana viper skeleton (Crypt:1)
  A meliai (D:12)
  11 guardian mummies
  A hellwing (Abyss:3)
  A silent spectre (Zig:6)
  Prince Ribbit (D:8)
  2 hornets (shapeshifter)
  A queen bee (D:12)
  12 tyrant leeches
  A shadow dragon simulacrum (Hell)
  2 tarantellas
  An iron troll skeleton (Crypt:3)
  A hydra skeleton (Crypt:1)
  13 hornets
  23 blink frogs
  5 merfolk (Zig:4)
  A guardian serpent zombie (Crypt:2)
  9 raiju
  5 dream sheep
  3 harpy skeletons
  94 slime creatures
  2 jumping spiders
  A culicivora (Vaults:1)
  10 flying skulls
  2 meliai zombies
  An ettin zombie (Depths:1)
  15 wraiths
  10 spriggans
  25 yaks
  9 water elementals
  3 air elementals
  A satyr skeleton (Crypt:2)
  A shadow (D:12)
  3 wyverns
  A yak (shapeshifter) (Lair:5)
  2 vampires (D:13)
  A wind drake zombie (Crypt:3)
  2 ettin skeletons
  6 fire bats (Volcano)
  7 ynoxinuls
  A slime creature zombie (Crypt:2)
  5 ushabtiu
  5 basilisks
  2 fire elementals
  12 golden eyes
  2 chaos spawn
  5 neqoxecs
  3 steam dragons
  An alligator snapping turtle simulacrum (Hell)
  A harpy simulacrum (Crypt:3)
  8 redbacks
  A swamp worm (shapeshifter) (Vaults:1)
  21 vampire mosquitoes
  43 nagas
  A wind drake skeleton (Crypt:1)
  5 wargs
  11 small abominations
  16 swamp worms
  7 acid dragons
  4 hell hounds (Abyss:2)
  18 water moccasins
  2 floating eyes (Zot:1)
  7 swamp drakes (Swamp:4)
  Duvessa (D:7)
  A water nymph skeleton (Crypt:3)
  Pargi (Sewer)
  3 black bears
  A swamp drake (shapeshifter) (Vaults:5)
  24 orc warriors
  A swamp dragon zombie (Crypt:1)
  A sky beast (D:5)
  An ogre (shapeshifter) (D:15)
  13 ogres
  A boggart (D:13)
  2 ice beasts
  8 wolves
  7 centaurs
  A human skeleton (Vaults:1)
  3 phantoms
  A dream sheep skeleton (Crypt:3)
  A rime drake zombie (Crypt:2)
  A kobold brigand (D:7)
  6 bullfrogs
  An earth elemental (Elf:3)
  3 gnoll sergeants
  4 necrophages
  A glowing shapeshifter simulacrum (Vaults:1)
  9 wights
  Dowan (D:7)
  A water moccasin skeleton (Crypt:2)
  34 killer bees
  The ghost of rvierbuc the Conjurer, a weakling DgCj (D:4)
  8 howler monkeys
  5 electric eels
  9 lava snakes
  3 quasits
  2 hounds
  A gnoll bouda (D:6)
  12 orc priests
  Crazy Yiuf (D:2)
  A boggart zombie (D:15)
  A jelly (D:6)
  2 sleepcaps
  11 starcursed masses (Abyss:3)
  Natasha (thrice) (D:3)
  5 iguanas
  40 orc wizards
  7 hell rats (Lair:4)
  16 mummies
  31 gnolls
  4 adders
  2 shadow imps
  A white imp (D:8)
  3 ufetubi
  5 worms
  A dart slug (D:1)
  68 orcs
  6 endoplasms
  4 giant cockroaches
  7 goblins
  7 hobgoblins
  2 quokkas
  9 ball pythons
  13 bats
  2 frilled lizards
  8 kobolds
  A quokka skeleton (Crypt:3)
  4 rats
  2 lurking horrors (Abyss:3)
  13 starspawn tentacles
2825 creatures vanquished.

Vanquished Creatures (collateral kills)
  A meliai (D:13)
1 creature vanquished.

Vanquished Creatures (others)
  A dread lich (Zot:1)
  A shadow dragon (Zot:4)
  A spriggan defender (Depths:2)
  A demonspawn blood saint (Zig:12)
  A yellow draconian (Zot:2)
  An ogre mage (D:14)
  A dancing weapon (Zig:11)
  2 deep elf knights
  A spriggan druid (Swamp:3)
  3 deep elf zephyrmancers
  A deep elf archer (Zig:11)
  2 deep elf pyromancers (Zig:11)
  A cane toad (Lair:5)
  An unseen horror (D:12)
  A meliai (D:13)
  A golden eye (Zig:1)
  A swamp worm (Swamp:4)
  A harpy simulacrum (Crypt:3)
  2 water moccasins (Lair:2)
  An ettin simulacrum (Crypt:3)
  A starcursed mass (Abyss:3)
  2 killer bees (D:12)
  An orc wizard (Orc:2)
  58 foxfires
  A lurking horror (Abyss:2)
  22 starspawn tentacles
110 creatures vanquished.

Grand Total: 2936 creatures vanquished

Notes
Turn   | Place    | Note
-------+----------+-------------------------------------------
     0 | D:1      | monsoonserge the Hill Orc Fighter began the quest for the
                  | Orb.
     0 | D:1      | Reached XP level 1. HP: 19/19 MP: 1/1
   160 | D:1      | Reached XP level 2. HP: 27/27 MP: 2/2
   474 | D:1      | Reached XP level 3. HP: 31/33 MP: 3/3
   682 | D:2      | Found a stormy altar of Qazlal.
   765 | D:2      | Found a runed translucent door.
   766 | D:2      | Noticed Crazy Yiuf
   774 | D:2      | Killed Crazy Yiuf
   775 | D:2      | Reached XP level 4. HP: 33/40 MP: 4/4
  1327 | D:3      | Noticed Natasha
  1333 | D:3      | Killed Natasha
  1377 | D:3      | Found a glowing silver altar of Zin.
  1448 | D:3      | Reached XP level 5. HP: 38/47 MP: 5/5
  1535 | D:3      | Became a worshipper of Zin the Law-Giver
  1569 | D:3      | Noticed Natasha
  1576 | D:3      | Killed Natasha
  1610 | D:3      | Found a snail-covered altar of Cheibriados.
  1613 | D:3      | Found a broken altar of Ashenzari.
  1614 | D:3      | Found a bloodstained altar of Trog.
  1615 | D:3      | Found a sparkling altar of Nemelex Xobeh.
  1615 | D:3      | Found an ancient bone altar of Kikubaaqudgha.
  1616 | D:3      | Found an iron altar of Okawaru.
  1618 | D:3      | Found a burning altar of Makhleb.
  1623 | D:3      | Found a hide-covered altar of Uskayaw.
  1718 | D:3      | Noticed Natasha
  1725 | D:3      | Killed Natasha
  1726 | D:3      | Reached skill level 5 in Axes
  2087 | D:4      | Reached * piety under Zin
  2107 | D:4      | Found a runed translucent door.
  2116 | D:4      | Noticed rvierbuc's ghost (weakling DgCj)
  2191 | D:4      | Found Pos Nafi's Jewellery Shoppe.
  2202 | D:4      | Noticed an ogre
  2218 | D:4      | Killed an ogre
  2219 | D:4      | Reached skill level 1 in Invocations
  2219 | D:4      | Reached XP level 6. HP: 25/53 MP: 6/6
  2225 | D:4      | HP: 3/79 [worm (2)]
  2232 | D:4      | Zin protects you from harm!
  2234 | D:4      | Zin protects you from harm!
  2238 | D:4      | HP: 4/82 [gnoll/+0 spear (2)]
  2256 | D:4      | Found a glowing drain.
  2345 | Sewer    | Entered a sewer
  2428 | Sewer    | Noticed Pargi
  2475 | Sewer    | Killed Pargi
  2476 | Sewer    | Reached skill level 5 in Fighting
  2476 | Sewer    | Reached skill level 1 in Dodging
  2476 | Sewer    | Reached XP level 7. HP: 11/61 MP: 8/8
  2665 | Sewer    | Reached ** piety under Zin
  2814 | D:4      | Found a runed translucent door.
  3019 | D:4      | Killed rvierbuc's ghost
  3023 | D:4      | Reached skill level 5 in Armour
  3071 | D:5      | Entered Level 5 of the Dungeon
  3638 | D:5      | Reached XP level 8. HP: 64/69 MP: 10/10
  4312 | D:6      | Identified the +11 short sword of Disintegration {speed,
                  | rCorr Str+4 Int+3}
  4348 | D:6      | Reached skill level 5 in Invocations
  4356 | D:6      | Reached XP level 9. HP: 47/75 MP: 11/13
  4653 | D:5      | Reached *** piety under Zin
  4732 | D:5      | Reached skill level 10 in Axes
  5155 | D:6      | Found Ruhoviu's Antique Weapon Emporium.
  5223 | D:7      | Found a staircase to the Ecumenical Temple.
  5234 | D:7      | Reached **** piety under Zin
  5276 | Temple   | Entered the Ecumenical Temple
  5316 | D:7      | Noticed Duvessa
  5317 | D:7      | Noticed Dowan
  5331 | D:7      | Killed Duvessa
  5342 | D:7      | Killed Dowan
  5570 | D:8      | Reached skill level 1 in Stealth
  5669 | D:7      | Reached XP level 10. HP: 86/86 MP: 15/15
  5772 | D:7      | Reached ***** piety under Zin
  5956 | D:7      | Identified the +5 mace "Waonucvegur" {freeze, *Rage Str+6}
  6270 | D:8      | Noticed a gargoyle
  6441 | D:8      | Killed a gargoyle
  6520 | D:8      | Noticed Joseph
  6535 | D:8      | Killed Joseph
  6930 | D:8      | Noticed Prince Ribbit
  6943 | D:8      | Killed Prince Ribbit
  7018 | D:8      | Found a runed translucent gate.
  7130 | D:8      | Found a runed translucent gate.
  7131 | D:8      | Found a runed translucent gate.
  7132 | D:8      | Noticed Logoto's ghost (novice DrFE)
  7133 | D:8      | Noticed a nine-headed hydra
  7218 | D:9      | Reached ****** piety under Zin
  7412 | D:9      | Noticed a two-headed ogre
  7421 | D:9      | Killed a two-headed ogre
  7422 | D:9      | Reached skill level 1 in Throwing
  7748 | D:10     | Entered Level 10 of the Dungeon
  7773 | D:10     | Identified the +7 ring mail "Huic" {Str+3 Stlth+}
  7792 | D:10     | Found a staircase to the Lair.
  7805 | D:10     | Paralysed by a hornet for 1 turns
  7819 | D:10     | Reached skill level 5 in Shields
  7951 | D:10     | Noticed a two-headed ogre
  7960 | D:10     | Killed a two-headed ogre
  7961 | D:10     | Reached skill level 1 in Evocations
  7997 | D:10     | Reached XP level 11. HP: 91/94 MP: 16/18
  8188 | D:10     | Noticed a two-headed ogre
  8226 | D:10     | Killed a two-headed ogre
  8227 | D:10     | Reached skill level 10 in Invocations
  8449 | D:10     | Noticed a five-headed hydra
  8558 | Lair:1   | Entered Level 1 of the Lair of Beasts
  8576 | Lair:1   | You fall into a shaft and drop 1 floor!
  8576 | Lair:2   | Noticed a five-headed hydra
  8591 | Lair:2   | Killed a five-headed hydra
  8668 | Lair:2   | Found a staircase to the Snake Pit.
  9141 | Lair:1   | Noticed Taurus's ghost (journeyman MiFi)
  9143 | Lair:1   | Found a transporter.
  9160 | Lair:1   | Found a transporter.
  9281 | Lair:1   | Noticed a boulder beetle
  9300 | Lair:1   | Killed a boulder beetle
  9669 | Lair:1   | Reached XP level 12. HP: 104/104 MP: 20/20
  9933 | Lair:2   | Found a runed translucent door.
  9974 | Lair:2   | Found a staircase to the Swamp.
 10113 | Lair:2   | Identified the +0 hat of Precision Catastrophes {rF- rCorr
                  | Str+3 Slay+4}
 10140 | Lair:2   | Found a runed translucent gate.
 10140 | Lair:2   | Found a runed translucent gate.
 10140 | Lair:2   | Found a runed translucent gate.
 10140 | Lair:2   | Found a runed translucent gate.
 10141 | Lair:2   | Found a runed translucent gate.
 10370 | Lair:2   | Found a runed translucent gate.
 10370 | Lair:2   | Noticed a boulder beetle
 10845 | Lair:2   | Identified 2 scrolls of acquirement
 10846 | Lair:2   | Acquired 664 gold pieces
 10849 | Lair:2   | Acquired a manual of Fighting
 10983 | Lair:3   | Reached skill level 15 in Axes
 11089 | Lair:3   | Noticed a four-headed hydra
 11101 | Lair:3   | Killed a five-headed hydra
 11106 | Lair:3   | Reached skill level 10 in Fighting
 11356 | Lair:3   | Noticed a skyshark
 11372 | Lair:3   | Killed a skyshark
 11669 | Lair:3   | Noticed Sonja
 11678 | Lair:3   | Killed Sonja
 12088 | Lair:4   | Noticed a six-headed hydra
 12088 | Lair:4   | Noticed a death yak
 12090 | Lair:4   | Noticed a death yak
 12827 | D:10     | Killed a five-headed hydra
 13283 | D:11     | Noticed a two-headed ogre
 13288 | D:11     | Noticed a two-headed ogre
 13288 | D:11     | Killed a two-headed ogre
 13289 | D:11     | Reached XP level 13. HP: 118/118 MP: 21/21
 13367 | D:11     | Noticed Erica
 13392 | D:11     | Killed Erica
 13393 | D:11     | Reached skill level 5 in Evocations
 13587 | D:11     | Found Fukiuxerch's Distillery.
 13811 | D:11     | Found a staircase to the Orcish Mines.
 13909 | D:11     | Found a glowing golden altar of the Shining One.
 14042 | D:12     | Found a transporter.
 14043 | D:12     | Found a transporter.
 14129 | D:12     | Found a transporter.
 14132 | D:12     | Found a transporter.
 14153 | D:12     | Reached skill level 10 in Armour
 15185 | D:12     | Noticed a tengu reaver
 15670 | D:13     | Killed a tengu reaver
 15671 | D:13     | Reached skill level 15 in Fighting
 15671 | D:13     | Reached XP level 14. HP: 31/132 MP: 7/23
 16271 | Lair:1   | Killed Taurus's ghost
 16652 | Lair:2   | Identified the ring "Odoil" {*Corrode rN+ Will+ MP+9 Int+2}
 17124 | Lair:3   | Reached skill level 1 in Maces & Flails
 18030 | Lair:5   | Entered Level 5 of the Lair of Beasts
 18030 | Lair:5   | Found a viscous altar of Jiyva.
 18030 | Lair:5   | Found a staircase to the Slime Pits.
 18370 | Lair:5   | Identified the +3 quarterstaff "Gocaunwa" {venom, Int+3}
 18680 | Lair:5   | Reached skill level 5 in Maces & Flails
 18986 | Lair:5   | Reached XP level 15. HP: 149/149 MP: 25/25
 19561 | Lair:5   | Found a corrupted altar of Lugonu.
 19561 | Lair:5   | Found a one-way gate to the infinite horrors of the Abyss.
 19650 | Lair:5   | Identified the +9 scale mail of Hairiness {Str+6}
 19871 | Orc:1    | Entered Level 1 of the Orcish Mines
 19874 | Orc:1    | You fall into a shaft and drop 1 floor!
 19874 | Orc:2    | Entered Level 2 of the Orcish Mines
 19936 | Orc:2    | Found a staircase to the Elven Halls.
 20021 | Orc:1    | Noticed an orc warlord
 20058 | Orc:2    | Found Camupus's Overcharged Wands.
 20103 | Orc:2    | Noticed Urug
 20116 | Orc:2    | Killed Urug
 20131 | Orc:2    | Found a dark tunnel.
 20158 | Volcano  | Entered a volcano
 20304 | Volcano  | Found a burning altar of Makhleb.
 21153 | Orc:2    | Killed an orc warlord
 21198 | Orc:1    | Paralysed by an orc sorcerer for 3 turns
 21564 | Orc:2    | Found Wohuikep's Antique Armour Shoppe.
 21610 | Orc:2    | Found an ancient bone altar of Kikubaaqudgha.
 21621 | Orc:2    | Found Bussiqux's Magic Scroll Emporium.
 21630 | Orc:2    | Paralysed by an orc sorcerer for 5 turns
 21714 | Orc:2    | Found a radiant altar of Vehumet.
 21742 | Orc:2    | Found a roughly hewn altar of Beogh.
 21742 | Orc:2    | Found Gekhuihu's Jewellery Shoppe.
 21761 | Orc:2    | Found Cyssair's Distillery.
 21829 | Orc:2    | Bought a jewelled plate armour for 672 gold pieces
 21829 | Orc:2    | Identified the +5 plate armour of Lethargy {rC- Str+3} (You
                  | bought it in a shop on level 2 of the Orcish Mines)
 21863 | Orc:2    | Bought an ichor-stained chain mail for 228 gold pieces
 21863 | Orc:2    | Identified the +0 chain mail of Skepticism {rC+ rN+ Int+5
                  | Dex-3} (You bought it in a shop on level 2 of the Orcish
                  | Mines)
 21953 | Orc:2    | Bought the amulet of the Hero {Reflect rF+ rC+ SH+5} for
                  | 714 gold pieces
 21965 | Orc:2    | Bought the ring of Weiteugu {rN+ Will+++ MP+9 Str+3} for
                  | 917 gold pieces
 22412 | D:8      | Killed Logoto's ghost
 22635 | Snake:1  | Entered Level 1 of the Snake Pit
 23029 | Swamp:1  | Entered Level 1 of the Swamp
 23112 | Swamp:1  | Reached XP level 16. HP: 149/162 MP: 27/27
 23802 | Swamp:1  | Identified the +4 flail "Diqolyc" {drain, Str+2}
 24409 | Swamp:2  | Reached skill level 10 in Shields
 25391 | Swamp:3  | Found a runed translucent door.
 26777 | Swamp:3  | Paralysed by you for 5 turns
 26913 | Swamp:4  | Entered Level 4 of the Swamp
 27023 | Swamp:4  | Reached skill level 15 in Invocations
 27124 | Swamp:4  | Noticed Mara
 27161 | Swamp:4  | Killed Mara
 27330 | Swamp:4  | Reached XP level 17. HP: 110/173 MP: 28/28
 27589 | Swamp:4  | Noticed Roxanne
 29294 | Snake:2  | Got the Compendium of Amalgamated Weather
 29867 | Snake:2  | Found Fiserigh's Tremendous Tomes.
 29944 | Snake:2  | Found a runed translucent gate.
 29944 | Snake:2  | Found a runed translucent gate.
 29944 | Snake:2  | Found a runed translucent gate.
 30168 | Snake:2  | Identified the +2 war axe of the Wary Nightmares {drain,
                  | Str-3 Int+4 Stlth+}
 30243 | Snake:3  | Noticed Vashnia
 30338 | Snake:3  | Killed Vashnia
 30339 | Snake:3  | Reached XP level 18. HP: 92/184 MP: 29/29
 30951 | Snake:3  | Reached skill level 5 in Dodging
 31478 | Snake:4  | Entered Level 4 of the Snake Pit
 33088 | Snake:4  | Reached skill level 15 in Shields
 33484 | Snake:4  | Got a serpentine rune of Zot
 33866 | Swamp:4  | Reached XP level 19. HP: 159/193 MP: 31/31
 34183 | Swamp:4  | Found a transporter.
 34321 | Swamp:4  | Noticed the 27-headed Lernaean hydra
 34329 | Swamp:4  | Killed the 27-headed Lernaean hydra
 34441 | Swamp:4  | Got a decaying rune of Zot
 34473 | Swamp:4  | Noticed turdburglar's ghost (adept DsFi)
 34483 | Swamp:4  | Found a transporter.
 34799 | Swamp:4  | Killed turdburglar's ghost
 34992 | Swamp:4  | Identified the amulet of the Scarab {Faith rPois Str+3}
 35077 | Swamp:4  | Killed Roxanne
 35230 | Slime:1  | Entered Level 1 of the Pits of Slime
 35465 | Slime:2  | You fall into a shaft and drop 2 floors!
 37313 | Slime:5  | Entered Level 5 of the Pits of Slime
 37783 | Slime:4  | HP: 7/198 [rockslime (40)]
 37784 | Slime:4  | HP: 2/198 [acid (4)]
 38488 | Slime:5  | Reached XP level 20. HP: 189/206 MP: 32/32
 39192 | Slime:5  | Noticed the Royal Jelly
 39203 | Slime:5  | Killed the Royal Jelly
 39573 | Slime:5  | Found the +5 scythe "Finisher" {speed, execute}
 39587 | Slime:5  | Identified the +7 hand axe of Ejumma {elec, +Blink Fly
                  | Int-3 SInv}
 39619 | Slime:5  | Identified the +2 helmet of Indecent Exposure {rC++}
 39650 | Slime:5  | Identified the +1 steam dragon scales of the Snake Pit
                  | {Slay+2}
 39658 | Slime:5  | Identified the staff of air "Evvy" {rElec rF+ Will- Str+6
                  | Int+3 Stlth-}
 39670 | Slime:5  | Identified the +4 flail "Ultimatum" {flame, rF+}
 39672 | Slime:5  | Got a slimy rune of Zot
 39684 | Slime:5  | Identified the +3 leather armour of the Snail {Fly Regen+
                  | rCorr Str-4}
 39692 | Slime:5  | Identified the ring "Tiruti" {Ice rElec rN+ Int+3 SInv}
 39706 | Slime:5  | Identified the ring of Biuckazo {rElec rPois}
 39829 | Slime:5  | Identified the +1 broad axe of Conformity {protect, MP-9
                  | Str+8 Dex+3}
 39931 | Slime:5  | Reached skill level 10 in Evocations
 40317 | Lair:5   | Voluntarily entered the Abyss.
 40382 | Abyss:2  | Found a corrupted altar of Lugonu.
 40864 | Abyss:3  | Learned a level 1 spell: Apportation
 41030 | Abyss:3  | Reached skill level 1 in Translocations
 41137 | Abyss:3  | Got an abyssal rune of Zot
 41146 | Abyss:3  | Paralysed by accursed screaming for 2 turns
 41313 | Abyss:3  | Noticed a bone dragon
 41325 | Abyss:3  | Noticed a bone dragon
 41328 | Abyss:3  | Killed a bone dragon
 41347 | Abyss:3  | Killed a bone dragon
 41392 | Lair:5   | Escaped the Abyss
 41884 | Orc:2    | Bought a pair of runed boots for 180 gold pieces
 41945 | Elf:1    | Entered Level 1 of the Elven Halls
 42314 | Elf:1    | Paralysed by an air elemental for 1 turns
 42469 | Elf:1    | Reached XP level 21. HP: 220/220 MP: 33/33
 42593 | Elf:1    | Paralysed by an air elemental for 1 turns
 42597 | Elf:1    | Paralysed by an air elemental for 1 turns
 42610 | Elf:1    | Got the Papyrus of the Union
 43389 | Elf:2    | Found a runed translucent gate.
 43389 | Elf:2    | Found a runed translucent gate.
 43389 | Elf:2    | Found a runed translucent gate.
 43694 | Elf:3    | Entered Level 3 of the Elven Halls
 43694 | Elf:3    | Noticed Nikola
 43700 | Elf:3    | Killed Nikola
 44310 | Elf:3    | Noticed Bai Suzhen
 44329 | Elf:3    | Killed Bai Suzhen
 44330 | Elf:3    | Reached skill level 15 in Armour
 44802 | Elf:3    | Reached skill level 27 in Fighting
 45288 | Elf:3    | Identified the +2 robe of Eternity {rF+}
 45288 | Elf:3    | Identified the ring "Opi Touz" {rElec rF++ rC+ rCorr}
 45301 | Elf:3    | Identified the +7 falchion of Ukaetwyck {flame, Will+}
 45310 | Elf:3    | Identified the +3 leather armour "Ushroepn" {*Slow rPois
                  | Regen+ rCorr}
 45561 | Elf:3    | Identified the +1 robe of Nemelex Xobeh's Grace {+Inv rC+
                  | MP+9 Dex-5}
 45635 | Elf:3    | Identified the staff of conjuration "Esoteada" {rPois Str-2
                  | SInv Stlth+}
 46245 | Elf:3    | Acquired the scarf "Rotraiv" {rC+ rF+, Rampage rElec rPois
                  | Int-2}
 46303 | Elf:3    | Got Sif Muna's Information on the Blaze
 46330 | Elf:3    | Got the Monograph on the Retinue
 47237 | Elf:2    | Reached XP level 22. HP: 233/233 MP: 34/34
 47834 | D:12     | Learned a level 2 spell: Blink
 48580 | D:13     | Identified the +8 shortbow of Exquisite Death {antimagic,
                  | rPois SInv}
 48899 | D:13     | Acquired a manual of Dodging
 49451 | D:14     | Found a gate to the Vaults.
 50375 | D:14     | Identified the ring of Mistrust {rPois rC+ Int+3 Dex+6
                  | Stlth-}
 50378 | D:14     | Identified the ring "Goipn" {Will+ Dex+6}
 50407 | D:14     | Identified the ring "Igoes" {Ice Dex+3}
 50423 | D:14     | Identified the ring "Poavveny" {rElec Int+6}
 50561 | D:15     | Entered Level 15 of the Dungeon
 50778 | Vaults:1 | Entered Level 1 of the Vaults
 50814 | Vaults:1 | Found a transporter.
 52006 | Vaults:1 | Found a transporter.
 52022 | Vaults:1 | Found a transporter.
 52022 | Vaults:1 | Found a transporter.
 52036 | Vaults:1 | Found a transporter.
 52038 | Vaults:1 | Identified the ring of Xom's Whimsicality {rC- rCorr MP+9
                  | Int+8}
 52773 | Vaults:2 | Reached XP level 23. HP: 234/240 MP: 35/35
 52780 | Vaults:2 | Found a staircase to the Crypt.
 53203 | Vaults:2 | Found Qouloetselad's Weapon Emporium.
 53384 | Vaults:2 | Found Ime Pui's Magic Scroll Emporium.
 53567 | Vaults:2 | Found Qetame's Antique Weapon Emporium.
 53781 | Vaults:2 | Identified the staff of conjuration "Waan" {MP-9 Str+2
                  | Stlth+}
 53782 | Vaults:2 | Identified the +6 sling of the Sun {flame, rElec}
 53782 | Vaults:2 | Identified the ring "Notirch" {rPois rF+ rC+ rCorr}
 57281 | D:15     | Reached XP level 24. HP: 249/249 MP: 36/36
 57600 | D:15     | Identified the ring "Zarcheqirch" {Ice rN+}
 58108 | D:15     | Found a staircase to the Depths.
 58226 | Depths:1 | Entered Level 1 of the Depths
 58299 | Depths:1 | Reached skill level 5 in Throwing
 58528 | Depths:1 | Found Tiraguv's Assorted Antiques.
 58534 | Depths:1 | Bought a potion of heal wounds for 115 gold pieces
 59021 | Depths:1 | Found a bloodstained altar of Trog.
 59263 | Depths:1 | Found a gateway to Hell.
 59642 | Depths:1 | Found a shimmering blue altar of Sif Muna.
 59926 | Depths:2 | Noticed a dread lich
 59926 | Depths:2 | Found a one-way gateway to a ziggurat.
 60039 | Depths:2 | Reached skill level 10 in Maces & Flails
 60041 | Depths:2 | Reached skill level 1 in Spellcasting
 60259 | Depths:2 | Found Sosaupp's Jewellery Boutique.
 60260 | Depths:2 | Found Faq Udd's Book Emporium.
 60261 | Depths:2 | Found Forchuq's Jewellery Boutique.
 60834 | Depths:2 | Noticed Vv
 60871 | Depths:2 | Killed Vv
 61079 | Depths:2 | Found a one-way gate leading to the halls of Pandemonium.
 61825 | Crypt:1  | Entered Level 1 of the Crypt
 62023 | Crypt:1  | Noticed Xtahua
 62044 | Crypt:1  | Killed Xtahua
 62399 | Crypt:1  | Noticed Margery
 62419 | Crypt:1  | Killed Margery
 62420 | Crypt:1  | Reached XP level 25. HP: 201/256 MP: 36/36
 62549 | Crypt:1  | Noticed Boris
 62551 | Crypt:1  | Reached skill level 5 in Translocations
 62562 | Crypt:1  | Killed Boris
 62787 | Crypt:1  | Noticed Frederick
 62799 | Crypt:1  | Killed Frederick
 63413 | Crypt:1  | Reached skill level 27 in Shields
 64334 | Crypt:2  | Found a runed translucent door.
 64334 | Crypt:2  | Noticed Ulecsuczon's ghost (veteran MiGl)
 64521 | Crypt:2  | Found an ancient bone altar of Kikubaaqudgha.
 64752 | Crypt:2  | Killed Ulecsuczon's ghost
 64753 | Crypt:2  | Reached skill level 10 in Dodging
 64998 | Crypt:3  | Entered Level 3 of the Crypt
 65143 | Crypt:3  | Identified the ring "Hidder" {Ice rPois}
 65143 | Crypt:3  | Noticed Josephina
 65157 | Crypt:3  | Killed Josephina
 66851 | Crypt:3  | Found a basalt altar of Yredelemnul.
 66859 | Crypt:3  | Found an ancient bone altar of Kikubaaqudgha.
 67094 | Crypt:3  | Found a staircase to the Tomb.
 67541 | Crypt:3  | Noticed Boris
 67563 | Crypt:3  | Killed Boris
 67807 | Crypt:3  | Identified the +4 long sword "Qesu" {freeze, Int+2 SInv}
 67903 | Tomb:1   | Entered Level 1 of the Tomb of the Ancients
 68162 | Tomb:1   | Reached XP level 26. HP: 255/266 MP: 37/37
 68560 | Tomb:1   | Noticed a royal mummy
 69834 | Depths:2 | Noticed a juggernaut
 69848 | Depths:2 | Killed a juggernaut
 70346 | Vaults:5 | Entered Level 5 of the Vaults
 70455 | Vaults:5 | Noticed Boris
 70473 | Vaults:5 | Killed Boris
 71396 | Vaults:5 | Reached skill level 5 in Stealth
 71467 | Vaults:5 | Identified the +7 sling "Naisozip" {flame, Fragile rF+
                  | rCorr Stlth+}
 71734 | Vaults:5 | Found Atett's Jewellery Boutique.
 71768 | Vaults:5 | Noticed an ancient lich
 71769 | Vaults:5 | Killed an ancient lich
 71793 | Vaults:5 | Reached XP level 27. HP: 190/264 MP: 37/37
 71793 | Vaults:5 | Found Tollurch's Antique Armour Shoppe.
 71974 | Vaults:5 | Learned a level 2 spell: Lesser Beckoning
 72296 | Vaults:5 | Noticed an ancient lich
 72306 | Vaults:5 | Killed an ancient lich
 72437 | Vaults:5 | Got a silver rune of Zot
 72454 | Vaults:5 | Noticed a dread lich
 72475 | Vaults:5 | Killed a dread lich
 73269 | Depths:2 | Killed a dread lich
 73769 | Depths:3 | Found Sengowat's Jewellery Shop.
 73818 | Depths:3 | Found a transporter.
 73834 | Depths:3 | Reached skill level 15 in Maces & Flails
 74212 | Depths:3 | Identified the +3 hand axe of Accord {speed, rF+ rCorr
                  | Dex-3}
 74555 | Depths:3 | Found a transporter.
 74751 | Depths:3 | Identified the staff of air "Latol" {rElec rPois rN+ Int-2
                  | Stlth+}
 74839 | Depths:4 | Entered Level 4 of the Depths
 74914 | Depths:4 | Found a gate to the Realm of Zot.
 75265 | Depths:4 | Found a magical portal.
 75346 | WizLab   | Entered Yara's Duelist Academy
 75931 | WizLab   | Learned a level 4 spell: Manifold Assault
 75936 | WizLab   | Learned a level 4 spell: Passage of Golubria
 76481 | Zot:1    | Entered Level 1 of the Realm of Zot
 77162 | Zot:1    | Noticed a dread lich
 77176 | Zot:1    | Killed a dread lich
 77234 | Zot:1    | Noticed a dread lich
 77241 | Zot:1    | Killed a dread lich
 77355 | Zot:1    | Paralysed by a floating eye for 3 turns
 78394 | Zot:2    | Reached skill level 1 in Hexes
 78836 | Zot:2    | Found a transporter.
 79181 | Zot:2    | Found a transporter.
 79434 | Zot:2    | Reached skill level 15 in Dodging
 79634 | Zot:2    | Noticed an orb of fire
 79634 | Zot:2    | Noticed a dread lich
 79635 | Zot:2    | Noticed an orb of fire
 79657 | Zot:2    | Killed an orb of fire
 79665 | Zot:2    | Killed a dread lich
 80239 | Zot:2    | Reached skill level 5 in Hexes
 80255 | Zot:2    | Killed an orb of fire
 80630 | Zot:2    | Identified the ring of Mysticism {rN+ rCorr}
 80646 | Zot:2    | Identified the ring "Caunal" {Int+6 SInv}
 80790 | Zot:2    | Learned a level 4 spell: Cause Fear
 82141 | Zot:4    | Noticed an orb of fire
 82167 | Zot:3    | Killed an orb of fire
 82641 | Zot:4    | Reached skill level 10 in Stealth
 83505 | Zot:5    | Entered Level 5 of the Realm of Zot
 83762 | Hell     | Entered the Vestibule of Hell
 83762 | Hell     | Noticed Geryon
 83767 | Hell     | Found a gateway to the Iron City of Dis.
 84021 | Hell     | Reached skill level 5 in Spellcasting
 84072 | Hell     | Killed Geryon
 85802 | Hell     | Found a gateway to the freezing wastes of Cocytus.
 86036 | Hell     | Found a gateway to the decaying netherworld of Tartarus.
 86118 | Hell     | Found a gateway to the ashen valley of Gehenna.
 86528 | Zot:5    | Reached skill level 10 in Translocations
 86538 | Zot:5    | Reached skill level 10 in Hexes
 86982 | Zot:5    | Noticed a dread lich
 87003 | Zot:5    | Noticed an orb of fire
 87008 | Zot:5    | Killed a dread lich
 87011 | Zot:5    | Noticed an orb of fire
 87014 | Zot:5    | Noticed an orb of fire
 87018 | Zot:5    | Noticed a dread lich
 87042 | Zot:5    | Noticed a dread lich
 87042 | Zot:5    | Noticed a dread lich
 87688 | Zig:1    | Entered Level 1 of a ziggurat
 87701 | Zig:2    | Entered Level 2 of a ziggurat
 87720 | Zig:3    | Entered Level 3 of a ziggurat
 87737 | Zig:3    | Got Tekirph's Meditations on Places
 87745 | Zig:4    | Entered Level 4 of a ziggurat
 87799 | Zig:4    | Identified the +8 glaive "Veduud" {protect, Str-3 Dex+4}
 87821 | Zig:5    | Entered Level 5 of a ziggurat
 87823 | Zig:5    | Found the +3 greatsling "Punk" {acid, rCorr}
 87878 | Zig:6    | Entered Level 6 of a ziggurat
 87880 | Zig:6    | Found the ring of the Octopus King
 87885 | Zig:6    | Identified the +1 halberd "Loduoticw" {speed, rF+ Str+5}
 87899 | Zig:6    | Identified a ring of the Octopus King {rF+ HP+2 AC+2 EV+2
                  | SH+2}
 87903 | Zig:6    | Got Sif Muna's Quarto of the Shift
 88093 | Zig:7    | Entered Level 7 of a ziggurat
 88098 | Zig:7    | Noticed Kuetwumm the pandemonium lord
 88104 | Zig:7    | Killed Kuetwumm the pandemonium lord
 88148 | Zig:7    | Identified the +7 demon whip of Starshine {drain, Int+3
                  | SInv}
 88285 | Zig:8    | Entered Level 8 of a ziggurat
 88291 | Zig:8    | Noticed a juggernaut
 88305 | Zig:8    | Killed a juggernaut
 88330 | Zig:8    | Identified the ring "Inotwail" {*Slow rC+ Will+ Str+6
                  | Dex+3}
 88340 | Zig:8    | Identified the staff of air "Buenit" {rElec rPois rN+
                  | Stlth+}
 88368 | Zig:9    | Entered Level 9 of a ziggurat
 88373 | Zig:9    | Noticed Gozon the pandemonium lord
 88375 | Zig:9    | Found the ring of Shadows {Umbra +Inv Stlth+}
 88444 | Zig:9    | Killed Gozon the pandemonium lord
 88775 | Zig:9    | Identified the staff of death "Heanism" {rN+ Int+2}
 88777 | Zig:9    | Identified the +0 robe of Sloth {Str+5}
 88782 | Zig:9    | Identified the staff of air "Laamivap" {rElec Dex+3}
 88788 | Zig:10   | Entered Level 10 of a ziggurat
 88899 | Zig:10   | Identified the +4 lajatang "Yniguupp" {speed, rElec rN+
                  | Dex+8 Stlth-}
 88906 | Zig:10   | Identified the staff of fire "Azirosod" {rPois rF+ rC+
                  | rCorr Stlth+}
 88913 | Zig:10   | Identified the ring "Dinotest" {rPois rF++ MP+9}
 88968 | Zig:11   | Entered Level 11 of a ziggurat
 88974 | Zig:11   | Paralysed by an air elemental for 1 turns
 88976 | Zig:11   | Paralysed by an air elemental for 1 turns
 89192 | Zig:12   | Entered Level 12 of a ziggurat
 89205 | Zig:12   | Noticed Qioteaco the pandemonium lord
 89237 | Zig:12   | Killed from afar by a Brimstone Fiend

Illustrated notes

Levels and vault maps discovered:
D:1:      noname_arrival_rooms_in_the_neighbourhood, layout_basic
D:2:      layout_basic, basic_altar, uniq_crazy_yiuf_cottage
D:3:      layout_rooms, minitemple, lemuel_tele_altar, minmay_close_crescents,
          uniq_natasha
D:4:      layout_rooms, portal_sewer_entry_a, serial_shops, shop,
          ebering_ghost_sewer_f
D:5:      layout_basic
D:6:      layout_rooms, serial_shops, kennysheep_little_box,
          kennysheep_generic_room_13
D:7:      layout_cave_pools, minmay_temple_entry_purple_smoke, uniq_duvessa
D:8:      layout_basic, gammafunk_ghost_hydra_chop, uniq_joseph,
          uniq_prince_ribbit1
D:9:      layout_basic
D:10:     layout_loops_ring, lair_entry_dummy, dk_noncrumbling_4,
          small_chamber_with_monster
D:11:     layout_loops_ring, erik_orc_2, serial_shops, shop, tso_oasis_becter,
          uniq_erica
D:12:     hangedman_what_comes_after_a, layout_basic, nicolae_diode_quadrants
D:13:     evilmike_diamond_2, layout_irregular_city
D:14:     minmay_the_grid_triangle_9x9_rhombus_full
          [minmay_the_grid_triangle_9x9_sparse_checkered,
          minmay_the_grid_triangle_9x9_skeleton,
          minmay_the_grid_triangle_9x9_intruding_spiral,
          minmay_the_grid_triangle_9x9_thin_v,
          minmay_the_grid_triangle_9x9_zippers_horizontal,
          minmay_the_grid_triangle_9x9_warning,
          minmay_the_grid_triangle_9x9_dagger,
          minmay_the_grid_triangle_9x9_prize_special], layout_loops_ring,
          erik_vaults_2, chequers_serial_rivers_micro_a
D:15:     grunt_enter_depths_magical_seal, layout_loops_corners,
          roderic_st_hans_cross, kennysheep_four_rooms
Temple:   oiseaux_autumnal_temple
Lair:1:   layout_gridlike, gammafunk_ghost_arena, lemuel_fruit_tree
Lair:2:   gammafunk_indiana_jones, layout_cave_shapes, swamp_mist,
          guppyfry_snake_entry_island
Lair:3:   layout_cellular_growth, cheibrodos_lair_caveside_slide,
          beast_lair_carwin_2, uniq_sonja
Lair:4:   layout_misc_corridors, serial_bayou_pond_b
Lair:5:   hellmonk_lair_end_abyssal_woods, layout_long_grid, slime_entry_1,
          serial_bayou_pond_b, minivault_26, hangedman_lair_generics_rect
Swamp:1:  layout_basic_swamp, evilmike_swamp_ruin_rubble_2, swamp_pool4
Swamp:2:  layout_basic_swamp, nicolae_swamp_decorative_isthmus, swamp_pool1
Swamp:3:  gammafunk_mikee_crab_dinner, layout_basic_swamp, serial_swamp_ruin,
          hangedman_swamp_ruin_wall, evilmike_swamp_ruin_house_5,
          evilmike_swamp_ruin_house_3, nicolae_swamp_wisp_ring_woods,
          infiniplex_staircase_pool
Swamp:4:  grunt_swamp_rune_castle, layout_basic_swamp,
          gammafunk_ghost_berserking_beasts, swamp_pool2, uniq_mara,
          uniq_roxanne
Snake:1:  layout_cave_shapes, evilmike_ambush [evilmike_ambush_outer_basic,
          evilmike_ambush_inner_basic], serial_bayou_shore_b
Snake:2:  layout_rooms, nicolae_shop_i_like_big_books, nicolae_snake_horde_hoard
Snake:3:  layout_rooms, nicolae_snake_gridmaze_tees, nrook_loot_triangle,
          uniq_vashnia
Snake:4:  snake_pit, layout_onion_interference, grunt_megastairs_3
Slime:1:  layout_caves
Slime:2:  layout_caves
Slime:3:  layout_caves
Slime:4:  layout_caves
Slime:5
Orc:1:    layout_diamond_mine
Orc:2:    kennysheep_orc_mage_school, layout_diamond_mine,
          lightli_volcano_entry_magma_tube, nicolae_shop_overcharged_wands,
          uniq_urug
Elf:1:    layout_loops_corners, minmay_elf_demonology
Elf:2:    elven_hall_of_blades_hangedman_original [nicolae_blade_lattice],
          layout_loops_cross
Elf:3:    minmay_elf_hall_not_hex, layout_geoelf_castle, nicolae_elf_v_pinch,
          uniq_bai_suzhen, uniq_nikola
Vaults:1: nicolae_vaults_tangram_2, nicolae_vaults_mitosis, gammafunk_the_bubble
          [the_bubble_gammafunk_roulette], nicolae_vaults_variable_pillar_hall,
          vaults_dpeg_hooks, ontoclasm_vaults_idyll,
          nicolae_vaults_yaktaur_gun_rack, nicolae_vaults_little_squares_3,
          vaults_standard_mumra_enter_the_diamond,
          nicolae_vaults_network_square, ontoclasm_vaults_ligature,
          layout_vaults_omnicross
Vaults:2: nicolae_vaults_more_shelving_2, minmay_crypt_entry_simple_plaza,
          nicolae_vaults_heart-shaped_vault, nicolae_vaults_house_2, v_misc_26,
          nicolae_vaults_storing_the_good_stuff, ontoclasm_vaults_shuriken,
          ontoclasm_vaults_gateway, nicolae_vaults_trapezoid_lopsided_3,
          nicolae_vaults_taking_the_gang_shopping, layout_vaults_omnigrid,
          serial_shops, shop_fountains, nicolae_square_shop
Vaults:3: grunt_vaults_funnel, hangedman_vaults_corner, ontoclasm_vaults_idyll,
          nicolae_vaults_alarming, nicolae_vaults_an_arrangement,
          hangedman_vaults_stitches, nicolae_vaults_stepped_doors,
          nicolae_vaults_frosty_reception, nicolae_vaults_hallways_thing,
          nicolae_vaults_storage_room_statues, nicolae_vaults_tetromino_L_2,
          layout_vaults_ring
Vaults:4: v_misc_24, nicolae_vaults_specimen_jars, v_alt_pattern_1,
          v_alt_pattern_2, nicolae_vaults_double_plus_1,
          nicolae_vaults_little_squares_3, v_alt_pattern_6, v_misc_28,
          ontoclasm_vaults_ring_small, nicolae_vaults_double_plus_2,
          nicolae_vaults_windows_and_doors_thing, ontoclasm_vaults_ring_small,
          nicolae_vaults_surprise_closet, nicolae_vaults_network_quinsquares
          [nicolae_vaults_network_quincunx_subvault,
          nicolae_vaults_network_quincunx_subvault,
          nicolae_vaults_network_quincunx_subvault,
          nicolae_vaults_network_quincunx_subvault],
          ontoclasm_vaults_claustrophobia, nicolae_vaults_little_squares_3,
          layout_vaults_omnibox
Vaults:5: serial_shops
Crypt:1:  hangedman_screamer, layout_gridlike, grunt_crypt_arrival_split,
          uniq_xtahua, uniq_frederick, uniq_boris, uniq_margery
Crypt:2:  layout_rooms, basic_altar, ebering_ghost_inner_flame
Crypt:3:  lightli_unholy_cathedral, layout_chaotic_city,
          nicolae_tomb_entry_grand_gallery, uniq_josephina
Tomb:1
Depths:1: layout_big_octagon, grunt_mini_vestibule, serial_shops, shop,
          lemuel_blue_sif_altar, drop_trap, evilmike_spriggan_trog_shrine,
          serial_bayou_shore_b
Depths:2: minmay_three_patterns, layout_gridlike, enter_ziggurat_d,
          hangedman_coc_ice_floe, infiniplex_staircase_pillars_2,
          rand_demon_pan_entry_7, onia_ninara_dug_in_and_dangerous,
          minmay_shop_grove, firewood_loft, uniq_vv
Depths:3: gammafunk_sealed_arena, layout_gridlike, nicolae_eternal_life,
          pan_entry, serial_shops, nicolae_shop_pleasant_corner_grove,
          hell_entry, abyss_entry_small_statue_room
Depths:4: grunt_zot_entry_bicorn, layout_basic, infiniplex_enter_wizlab_water,
          pf_dread_powers_of_hell, minmay_misc_feat_tower, abyss_entry,
          nicolae_figureground_pulse
Hell
Zot:1:    hellmonk_paralyzer, layout_basic, grunt_megastairs_1
Zot:2:    gammafunk_dig_for_victory, layout_gridlike
Zot:3:    layout_onion_interference
Zot:4:    kennysheep_bubbly, layout_misc_corridors
Zot:5:    layout_cathedral_of_symmetry
Zig:12

Skill      XL: |  1  2  3  4  5  6  7  8  9 10 11 12 13 14 15 16 17 18 19 20 21 22 23 24 25 26 27 |
---------------+----------------------------------------------------------------------------------+-----
Fighting       | 4 5 6 7 8 9 12 15 18 19 21 22 23 25 27 | 27.0
Axes           | 3 4 6 7 9 11 12 14 16 17 18 19 20 | 20.4
Shields        | 4 5 6 7 9 11 13 15 17 19 21 23 25 26 27 | 27.0
Armour         | 4 5 6 7 8 9 10 11 12 13 14 15 16 17 18 19 21 | 21.7
Invocations    | 1 2 3 5 7 9 11 13 14 15 16 17 18 20 21 25 | 25.9
Dodging        | 1 2 3 4 5 6 7 8 9 11 13 17 | 17.3
Stealth        | 1 2 3 5 11 | 11.0
Throwing       | 1 2 3 4 5 7 8 |  8.0
Evocations     | 1 3 4 5 6 7 9 10 11 12 13 | 13.0
Maces & Flails | 5 6 7 8 9 10 11 14 17 | 17.1
Translocations | 1 4 6 10 | 10.0
Spellcasting   | 2 6 |  6.0
Hexes          | 12 | 12.0

Action                     |  1- 3 |  4- 6 |  7- 9 | 10-12 | 13-15 | 16-18 | 19-21 | 22-24 | 25-27 || total
---------------------------+-------+-------+-------+-------+-------+-------+-------+-------+-------++-------
  Melee: War axe           |    79 |   172 |   334 |   477 |   950 |  1053 |   497 |       |       ||  3562
         Mace              |       |       |       |     3 |    45 |    41 |    25 |    42 |       ||   156
         Broad axe         |       |       |       |       |       |       |   732 |  1662 |  3276 ||  5670
  Throw: Dart              |       |       |       |    25 |    14 |       |       |       |       ||    39
         Boomerang         |       |       |       |       |     3 |       |    13 |     4 |     1 ||    21
   Cast: Manifold Assault  |       |       |       |       |       |       |       |       |    43 ||    43
         Blink             |       |       |       |       |       |       |       |       |     3 ||     3
 Invoke: Recite            |       |     1 |    14 |    18 |    30 |    36 |     9 |    17 |    84 ||   209
         Vitalisation      |       |       |       |       |     2 |     2 |     1 |     4 |    16 ||    25
         Sanctuary         |       |       |       |       |     1 |       |     2 |       |     1 ||     4
  Evoke: Wand              |       |       |       |    30 |    16 |       |     3 |     1 |     7 ||    57
         Tin of tremorston |       |       |       |       |       |     2 |     2 |       |     4 ||     8
         Lightning rod     |       |       |       |       |       |       |       |       |     4 ||     4
         Phial of floods   |       |       |       |       |       |       |       |       |     1 ||     1
    Use: Potion            |       |     7 |       |     2 |     2 |       |     4 |     3 |    18 ||    36
         Scroll            |       |       |       |    12 |     3 |     8 |     7 |     2 |    10 ||    42
   Stab: Confused          |       |       |     3 |     1 |    16 |    33 |     6 |    14 |   108 ||   181
         Paralysed         |       |       |       |     6 |    24 |    18 |       |     3 |    12 ||    63
         Sleeping          |       |       |       |     1 |     2 |       |       |       |    13 ||    16
         Invisible         |       |       |       |     1 |     3 |     1 |     3 |     2 |     3 ||    13
         Distracted        |       |       |       |       |       |     1 |     3 |       |     1 ||     5
 Armour: Scale mail        |    39 |   130 |       |       |   112 |   395 |   292 |       |       ||   968
         Skin              |       |    24 |       |       |       |       |       |       |       ||    24
         Chain mail        |       |       |   230 |    26 |       |       |       |       |       ||   256
         Acid dragon scale |       |       |       |    11 |       |       |       |       |       ||    11
         Ring mail         |       |       |       |   146 |   265 |       |       |       |       ||   411
         Plate armour      |       |       |       |       |    18 |       |       |       |       ||    18
         Storm dragon scal |       |       |       |       |       |       |    64 |   432 |   167 ||   663
         Pearl dragon scal |       |       |       |       |       |       |       |       |   824 ||   824
  Dodge: Dodged            |    43 |    90 |   161 |   264 |   710 |   374 |   284 |   302 |   951 ||  3179
  Block: Buckler           |    30 |    55 |    60 |    93 |   263 |    60 |       |       |       ||   561
         Kite shield       |       |       |       |       |       |   284 |       |       |       ||   284
         Reflection        |       |       |       |       |       |    82 |   107 |   129 |    53 ||   371
         Tower shield      |       |       |       |       |       |   516 |  1141 |  1612 |  3485 ||  6754
